 Dungeon Crawl Stone Soup version 0.22.1-2-g9c5b331 (webtiles) character file.

56 Fang the Skirmisher (level 3, 0/24 HPs)
             Began as a Gargoyle Berserker on Dec 17, 2018.
             Was a Follower of Trog.
             Slain by a hound (2 damage)
             ... on level 2 of the Dungeon.
             The game lasted 00:00:59 (1263 turns).

Fang the Skirmisher (Gargoyle Berserker)            Turns: 1263, Time: 00:01:00

Health: 0/24       AC:  5    Str: 21    XL:     3   Next: 97%
Magic:  3/3        EV: 12    Int:  7    God:    Trog [*.....]
Gold:   65         SH:  0    Dex:  9    Spells: 2/2 levels left

rFire    . . .     SeeInvis .   a - +0 hand axe
rCold    . . .     Gourm    .   (no shield)
rNeg     + . .     Faith    .   b - +0 animal skin
rPois    ∞         Spirit   .   (no helmet)
rElec    +         Reflect  .   (no cloak)
rCorr    .         Harm     .   (no gloves)
MR       .....                  (no boots)
Stlth    +.........             (no amulet)
HPRegen  0.08/turn              (no ring)
MPRegen  0.08/turn              (no ring)

@: no status effects
A: negative energy resistance 1, electricity resistance, unbreathing,
petrification resistance, rot immunity, AC +3
a: Berserk, Renounce Religion


You were on level 2 of the Dungeon.
You worshipped Trog.
Trog was aware of your devotion.
You were not hungry.

You visited 1 branch of the dungeon, and saw 2 of its levels.

You collected 65 gold pieces.

Inventory:

Hand Weapons
 a - a +0 hand axe (weapon)
Armour
 b - a +0 animal skin (worn)
Scrolls
 d - a scroll of immolation {unknown}
 e - 2 scrolls of enchant weapon {unknown}
 f - 2 scrolls of identify {unknown}
 h - 2 scrolls of noise {unknown}
 l - 2 scrolls of teleportation {unknown}
Potions
 g - a potion of flight {unknown}
 i - a potion of agility {unknown}
 k - a potion of brilliance {unknown}
Comestibles
 c - 6 rations
 j - a chunk of flesh


   Skills:
 + Level 3.8 Fighting
 + Level 3.4 Axes
 + Level 2.6 Armour
 + Level 1.7 Dodging
 + Level 1.1 Stealth


You had 2 spell levels left.
You didn't know any spells.
Your spell library was empty.

Dungeon Overview and Level Annotations

Branches:
Dungeon (2/15)

Altars:
Gozag


Innate Abilities, Weirdness & Mutations

You are resistant to torment.
Your stone body is resilient. (AC +3)
You are immune to poison.
You resist negative energy. (rN+)
You are resistant to electric shocks. (rElec)
You can survive without breathing.
You are immune to petrification.
You are immune to rotting.


Message History

The hound is moderately wounded.
The hound bites you but does no damage. The hound bites you.
* * * LOW HITPOINT WARNING * * *
You closely miss the hound.
The hound is moderately wounded.
The hound bites you.
* * * LOW HITPOINT WARNING * * *
You hit the hound.
The hound is heavily wounded.
The hound bites you.
* * * LOW HITPOINT WARNING * * *
The hound bites you.
* * * LOW HITPOINT WARNING * * *
You hit the hound.
The hound is severely wounded.
The hound closely misses you. The hound bites you but does no damage.
You closely miss the hound.
The hound is severely wounded.
The hound barely misses you. The hound bites you.
You die...

............#.......#......#
##.....>....##.....##......#
#...#......####.####(.....#
##.........................#
.......#..###..............#
.#.#.#.#..# ##.............#
.......#..###...........
#.......................
[...............@h.....#
...).....##.....†......#
...)†.(.(#.............#
#.###(.....###......<..#
#....).#.### #.........#
#......#.# #.........#
...#.#(#.# #.........#
...#.#.#.# ##.......##
.....#.#.#


You could see a hound.

Vanquished Creatures
  2 adders (D:2)
  An ooze (D:1)
  A leopard gecko (D:2)
  3 bats
  A giant cockroach (D:1)
  3 goblins (D:2)
  9 hobgoblins
  A quokka (D:2)
  A frilled lizard (D:2)
  4 kobolds (D:2)
  6 rats
32 creatures vanquished.

Notes
Turn   | Place    | Note
-------+----------+-------------------------------------------
     0 | D:1      | Fang the Gargoyle Berserker began the quest for the Orb.
     0 | D:1      | Reached XP level 1. HP: 14/14 MP: 1/1
   269 | D:1      | Reached XP level 2. HP: 19/19 MP: 2/2
   969 | D:2      | Reached XP level 3. HP: 12/23 MP: 3/3
  1168 | D:2      | Found a faded altar of an unknown god.
  1199 | D:2      | Found an opulent altar of Gozag.
  1213 | D:2      | Reached skill level 1 in Stealth
  1263 | D:2      | Slain by a hound

Skill      XL: |  1  2  3 |
---------------+----------+-----
Axes           | 3 |  3.4
Stealth        | 1 |  1.1
Fighting       | |  3.8
Armour         | |  2.6
Dodging        | |  1.7

Action                   || total
-------------------------++-------
Melee: Hand axe          ||    99
Invok: Berserk           ||     1
  Eat: Chunk             ||     2
Armor: Animal skin       ||    41
Dodge: Dodged            ||    82
